[Event "Late-Titled-Tuesday-Blitz-April-30-2024"]
[Site "Chess.com"]
[Date "2024.04.30"]
[Round "5"]
[White "profedechess93"]
[Black "Sinquefield"]
[Result "0-1"]
[WhiteElo "2647"]
[BlackElo "2511"]
[TimeControl "180+1"]
[EndTime "14:58:06 PDT"]
[Termination "Sinquefield won by resignation"]

1. e4 d5 2. exd5 Qxd5 3. Nc3 Qe5+ 4. Be2 Bg4 5. d4 Bxe2 6. Ngxe2 Qa5 7. b4 Qh5 8. Bf4 e6 9. O-O c6 10. Rb1 Nd7 11.
b5 c5 12. b6 a6 13. Ne4 Ngf6 14. Nd6+ Bxd6 15. Bxd6 c4 16. Re1 Qd5 17. Ba3 O-O-O 18. Nc3 Qc6 19. Qc1 Nd5 20. Ne4 N7xb6 21. Nc5 Nc3 22. Ra1 Nb5 23. Bb4 Nxd4 24. c3 Nf5 25.
Rb1 Nd5 26. Qb2 Nh4 27. Ba5 b5 28. Bxd8 Nf4 29. Ne4 Rxd8 30. f3 Nd3 31. Qa3 Nxe1 32. Rxe1 Nf5 33. Qb4 Nd6 34. a4 Nxe4 35. fxe4 Rd2 36.
axb5 Qb6+ 37. Kh1 Qf2 38. Rg1 axb5 39. Qxb5 Qe2 40. Qc6+ Kd8 41. Qb6+ Ke7 42. Qc5+ Kf6 43. Qc7 h6 44. Qf4+ Kg6 45. h4 Kh7 46. e5 Qf2 47. Qxc4 Rc2 48. Qe4+ g6 49. h5 Rxc3 50. hxg6+ fxg6 51. Qg4 Qf5 52. Qxf5 gxf5 53. Re1 Kg6 54. Kg1 Rc4 55. Kf2 Re4 56. Rxe4 fxe4 57. Kg3 Kf5 58. Kh4 Kf4 59. Kh5 e3 60. Kxh6 e2 61. g4 Kxg4 0-1

[Event "Late-Titled-Tuesday-Blitz-April-30-2024"]
[Site "Chess.com"]
[Date "2024.04.30"]
[Round "5"]
[White "Romadk"]
[Black "1800_strength"]
[Result "0-1"]
[WhiteElo "2516"]
[BlackElo "2800"]
[TimeControl "180+1"]
[EndTime "14:58:08 PDT"]
[Termination "1800_strength won by resignation"]

1. d4 d5 2. Nf3 c6 3. g3 e6 4. Bg2 Nf6 5. O-O Bd6 6. c4 O-O 7.
Nc3 Ne4 8. Nd2 Nxc3 9. bxc3 Nd7 10. e4 dxc4 11. Nxc4 Be7 12. Bf4 Nb6 13. Ne5 Bd7 14. Qb3 Rc8 15. a4 Rc7 16. a5 Nc8 17. Nc4 b5 18.
axb6 Rb7 19. bxa7 Rxb3 20. a8=Q Rxc3 21. Rfc1 Rxc1+ 22. Rxc1 c5 23. dxc5 Bxc5 24. Ne5 Bd4 25. Rd1 Bxe5 26. Bxe5 Qe7 27. Qb7 Ba4 28. Qxe7 Nxe7 29.
Ra1 Ng6 30. Bxg7 Kxg7 31. Rxa4 Rd8 32. Ra1 Rd2 33. Re1 Ne5 34. h3 Nd3 35. Rf1 e5 36. Bf3 Kg6 37. Bg4 h6 38. Bf5+ Kf6 39. Kg2 Ke7 40.
Kf3 Nb4 41. Rb1 Nc2 42. Rb7+ Kf6 43. Rb6+ Kg7 44. h4 Nd4+ 45. Kg4 Rxf2 46. Rb7 Nc2 47. Be6 Ne3+ 48. Kh3 Rf1 49. Kh2 Rf6 50. Bd5 h5 51. Ra7 Ng4+ 52. Kg2 Rf2+ 53. Kg1 Rf3 54. Kg2 Rf6 55.
Rb7 Kg6 56. Ra7 Ne3+ 57. Kg1 Rf1+ 58. Kh2 Rf2+ 59. Kg1 Rf3 60. Kh2 f6 61. Ra8 Nxd5 62. exd5 Rd3 63. Rd8 Kf7 64. Rh8 Rxd5 65. Rh6 e4 66.
Kh3 Kg7 67. Rxh5 Rxh5 68. Kg4 Re5 69. Kf4 e3 70. Kg4 e2 71. h5 e1=Q 72. h6+ Kxh6 0-1

[Event "Late-Titled-Tuesday-Blitz-April-30-2024"]
[Site "Chess.com"]
[Date "2024.04.30"]
[Round "5"]
[White "GlavkonVVS"]
[Black "DeArron_Fox"]
[Result "0-1"]
[WhiteElo "2686"]
[BlackElo "2517"]
[TimeControl "180+1"]
[EndTime "14:58:09 PDT"]
[Termination "DeArron_Fox won by checkmate"]

1. c4 e6 2. Nc3 d5 3. d4 Nf6 4.
Nf3 Be7 5. Bg5 h6 6. Bxf6 Bxf6 7.
e3 O-O 8. Qc2 b6 9. cxd5 exd5 10.
Be2 Be6 11. O-O c5 12. dxc5 bxc5 13. Rfd1 Nc6 14. Nxd5 Bxd5 15. Qxc5 Ne7 16. e4 Rc8 17. Qa3 Rc2 18. Qd3 Rxb2 19. exd5 Nxd5 20. Bf1 Nc3 21. Qxd8 Bxd8 22. Rd3 Nxa2 23. Ra3 Nb4 24. Rxa7 Bb6 25. R7a4 Bxf2+ 26. Kh1 g6 27. Bc4 Be3 28. Ne5 Bd4 29. Nxg6 Re8 30. Rf1 Kg7 31. Bxf7 Ree2 32. Nf4 Rf2 33. Bc4 Rxf1+ 34. Bxf1 Rb1 35. g3 Rxf1+ 36. Kg2 Rf2+ 37. Kh3 Nc6 38. Rc4 Be3 39. Ne6+ Kg6 40. Rxc6 Kf5 41. Ng7+ Kg5 42. Re6 Bd4 43. Ne8 Kf5 44.
Rxh6 Be5 45. Rh5+ Ke6 46. Rh7 Rf8 47. Nc7+ Kd6 48. Nb5+ Kc5 49. Rh5 Re8 50. Nc3 Kd4 51. Ne2+ Ke3 52. Ng1 Kf2 53. Rf5+ Kxg1 54. Kg4 Kxh2 55.
Kf3 Kg1 56. g4 Bc7 57. g5 Kh2 58. Kg4 Re1 59. g6 Rg1+ 60. Kh5 Bb6 61. Rd5 Be3 62. Rf5 Bd4 63. Rd5 Bf6 64. Kh6 Kh3 65. Rh5+ Kg4 66.
Rh2 Kf5 67. Rf2+ Ke6 68. Kh7 Rh1+ 69. Kg8 Rh8# 0-1

[Event "Late-Titled-Tuesday-Blitz-April-30-2024"]
[Site "Chess.com"]
[Date "2024.04.30"]
[Round "5"]
[White "Mikhail_Golubev"]
[Black "MeisterJabo"]
[Result "1-0"]
[WhiteElo "2621"]
[BlackElo "2457"]
[TimeControl "180+1"]
[EndTime "14:58:09 PDT"]
[Termination "Mikhail_Golubev won by checkmate"]

1. e4 e5 2. Nf3 Nf6 3. Nc3 Nc6 4. d4 exd4 5. Nxd4 Bb4 6. Nxc6 bxc6 7. Bd3 d5 8. exd5 O-O 9. O-O Bg4 10. Ne2 cxd5 11. f3 Bh5 12. Nf4 Bg6 13. Nxg6 hxg6 14. c4 Bc5+ 15.
Kh1 Nh5 16. g3 dxc4 17. Bxc4 Qf6 18. Qc2 Bd6 19. f4 Rad8 20. Be3 Rfe8 21. Bxa7 c5 22. Bb6 Rb8 23. Ba5 Rxb2 24. Qc3 Qxc3 25. Bxc3 Rc2 26.
Rac1 Rxc1 27. Rxc1 Nf6 28. Bxf6 gxf6 29. Rd1 Rd8 30.
a4 Kf8 31. a5 Be7 32. Ra1 Ra8 33. a6 Ra7 34. Bd5 c4 35. Bb7 c3 36. Rc1 Bb4 37.
Kg2 Ke7 38. Kf3 Kd6 39. Ke4 Kc5 40. Kd3 Ba5 41. Rb1 Bb4 42. Re1 Kd6 43. Kc4 Ba5 44. Ra1 Bb6 45. Kxc3 Kc5 46. Rd1 Ba5+ 47. Kb3 Kb6 48. Kc4 Kc7 49. Kb5 Bc3 50. Bc6 Bb2 51.
Rd2 Kb8 52. Rxb2 Rc7 53. Kb6 Re7 54. Rd2 Kc8 55. a7 Rxa7 56. Kxa7 Kc7 57. Bd5 Kd6 58. Bxf7+ Ke7 59. Bxg6 f5 60. Bxf5 Kf6 61. Bg4 Kg7 62. h4 Kh6 63. h5 Kg7 64. Rd6 Kf7 65. h6 Ke7 66. Re6+ Kf7 67. h7 Kg7 68. Bf5 Kh8 69. Re8+ Kg7 70. h8=Q+ Kf7 71. Qg8+ Kf6 72. Qg6# 1-0

[Event "Late-Titled-Tuesday-Blitz-April-30-2024"]
[Site "Chess.com"]
[Date "2024.04.30"]
[Round "5"]
[White "AsaHoffmann"]
[Black "scandalgod"]
[Result "1-0"]
[WhiteElo "2337"]
[BlackElo "2487"]
[TimeControl "180+1"]
[EndTime "14:58:09 PDT"]
[Termination "AsaHoffmann won on time"]

1. d4 d5 2. Bg5 f6 3. Bf4 c5 4. e3 Nc6 5. Nf3 Bf5 6. Nc3 g5 7. Bg3 h5 8. h3 c4 9. Nd2 e6 10.
e4 Bg6 11. exd5 exd5 12. Qe2+ Kf7 13. Nf3 Qa5 14. O-O-O Bb4 15. Nxd5 Qxd5 16. Qxc4 Nge7 17. a3 Ba5 18. Qa4 Kg7 19. Bc4 Qf5 20. Rhe1 Bxe1 21.
Rxe1 Nd5 22. Bd3 Qd7 23. Bxg6 Kxg6 24. c4 Nb6 25. Qc2+ Kg7 26. d5 Na5 27. Nd4 Rae8 28. Ne6+ Kh6 29. b3 Qf7 30. f4 Qg6 31. f5 Nxb3+ 32.
Qxb3 Qxf5 33. Kb2 Rc8 34. Rc1 Rhe8 35. a4 Rxe6 36. dxe6 Qxe6 37. c5 Qxb3+ 38. Kxb3 Nd5 39. Bd6 Kg6 40. g4 hxg4 41. hxg4 Ne3 42. Rg1 Rc6 43. Rg3 Nd5 44. Kc4 Nb6+ 45. Kb5 Nd7 46. a5 a6+ 47. Kb4 Kf7 48. Rd3 Nf8 49. Bxf8 Kxf8 50.
Rd7 f5 51. gxf5 g4 52. Rxb7 Rf6 53. Kc4 Rxf5 54. Rb3 Ke7 55. Rd3 Rg5 56. c6 Rg8 57. Kc5 g3 58. c7 g2 59. Rd1 Ke6 60. Kc6 Ke5 61. Kb7 Rg7 62. Kb8 g1=Q 63. Rxg1 Rxg1 64. c8=Q Kd5 65. Qxa6 Rg4 66. Qb7+ Kd4 67. a6 1-0

[Event "Late-Titled-Tuesday-Blitz-April-30-2024"]
[Site "Chess.com"]
[Date "2024.04.30"]
[Round "5"]
[White "carokannlover213"]
[Black "HandKnit"]
[Result "1-0"]
[WhiteElo "2771"]
[BlackElo "2511"]
[TimeControl "180+1"]
[EndTime "14:58:13 PDT"]
[Termination "carokannlover213 won on time"]

1. Nf3 e6 2. c4 d5 3. g3 Nf6 4. Bg2 d4 5. O-O c5 6. e3 Nc6 7. d3 h6 8. exd4 cxd4 9. Bf4 Bd6 10. Bxd6 Qxd6 11. Na3 a6 12. Nc2 O-O 13. Qd2 a5 14. a3 e5 15. b4 axb4 16. axb4 Rxa1 17. Rxa1 Bf5 18. b5 Nb8 19. Nh4 Bc8 20. Qb4 Qc7 21.
c5 g5 22. Nf3 Bf5 23. b6 Qe7 24. c6 Nxc6 25. Qxe7 Nxe7 26. Nxe5 Ng6 27. Nxg6 Bxg6 28. Nxd4 Bxd3 29. Ra7 Rb8 30. Bxb7 Nd7 31. Bd5 Nxb6 32. Bxf7+ Kh8 33. Nc6 Rc8 34. Ne5 Be4 35. f3 Bh7 36.
Bg6 Rc1+ 37. Kg2 Bxg6 38. Nxg6+ Kg8 39. Kh3 Rc2 40. Ne7+ Kf8 41. Nf5 Nd5 42. Nxh6 Ne3 43. Rf7+ Ke8 44. Rg7 Nf1 45. Ng4 Rc5 46. Kg2 Nd2 47.
Rh7 Kf8 48. h4 gxh4 49. Rxh4 Nc4 50. Rh6 Nb2 51. Rf6+ Kg8 52. Rd6 Nc4 53. Rd4 Nb6 54. Nf6+ Kf7 55. Ne4 Rc2+ 56. Rd2 Nc4 57. Rxc2 Ne3+ 58.
Kh3 Nxc2 59. Kg4 Nd4 60. Kf4 Ne6+ 61. Ke3 Ng7 62. g4 Kg6 63. f4 Kf7 64. f5 Ne8 65. Kf4 Ng7 66. g5 Ne8 67. Ke5 Ke7 68. g6 Kf8 69. f6 Nc7 70. Ng5 Na6 71. Ne6+ 1-0

[Event "Late-Titled-Tuesday-Blitz-April-30-2024"]
[Site "Chess.com"]
[Date "2024.04.30"]
[Round "5"]
[White "GambitGiesbergen"]
[Black "kylelancman"]
[Result "0-1"]
[WhiteElo "2305"]
[BlackElo "2508"]
[TimeControl "180+1"]
[EndTime "14:58:13 PDT"]
[Termination "kylelancman won by checkmate"]

1. e4 c5 2. d4 cxd4 3. c3 Nf6 4. e5 Nd5 5. Nf3 Nc6 6. cxd4 d6 7. Bc4 Nb6 8. Bb5 dxe5 9. Nxe5 Bd7 10. Bxc6 Bxc6 11. Nxc6 bxc6 12. O-O g6 13. Re1 Bg7 14. Bg5 Nd5 15.
Nc3 f6 16. Nxd5 cxd5 17. Bf4 Qd7 18. Qe2 Kf7 19. Rac1 Rac8 20. Qa6 Rxc1 21. Rxc1 g5 22. Bg3 h5 23. h4 gxh4 24. Bxh4 Rb8 25. b3 Bh6 26.
Re1 Rb6 27. Qe2 Re6 28. Qxh5+ Kg7 29. Qg4+ Kf7 30. Qh5+ Kg7 31. Rxe6 Qxe6 32. Bg3 Qe1+ 33. Kh2 Qe4 34. Qe8 Bf4 35. Qd7 Bxg3+ 36. fxg3 Kf7 37.
Qd8 Qxd4 38. Qh8 Ke6 39. Qg8+ Kd6 40. Qd8+ Ke6 41. Qg8+ Kf5 42. Qh7+ Ke5 43. Qxe7+ Kf5 44. Qd7+ Ke4 45. Qe7+ Kd3 46. a4 Kc3 47. Qa3 Kc2 48.
b4 Qb2 49. Qf3 Qe5 50. b5 d4 51. a5 d3 52. b6 axb6 53. axb6 d2 54. Qc6+ Kb1 55.
Qd7 Qh5+ 56. Kg1 d1=Q+ 57. Qxd1+ Qxd1+ 58. Kh2 Qb3 59. g4 Qxb6 60. g5 fxg5 61. g4 Qd4 62. Kg3 Qf4+ 63. Kg2 Qxg4+ 64. Kh1 Kc2 65. Kh2 Kd2 66.
Kh1 Ke2 67. Kh2 Kf2 68. Kh1 Qg2# 0-1

[Event "Late-Titled-Tuesday-Blitz-April-30-2024"]
[Site "Chess.com"]
[Date "2024.04.30"]
[Round "5"]
[White "DominguezOnYoutube"]
[Black "GoltsevDmitry2000"]
[Result "1-0"]
[WhiteElo "2952"]
[BlackElo "2816"]
[TimeControl "180+1"]
[EndTime "14:58:16 PDT"]
[Termination "DominguezOnYoutube won by checkmate"]

1. e4 e6 2. d4 d5 3. Nc3 Nf6 4. e5 Nfd7 5. f4 c5 6. Nf3 Nc6 7.
Be3 cxd4 8. Nxd4 Nxd4 9. Bxd4 a6 10. Qd2 Bc5 11. O-O-O Bxd4 12. Qxd4 Qb6 13. Qd2 Nc5 14. h4 h5 15. Rh3 g6 16. Kb1 Bd7 17. Qd4 Rc8 18. Be2 Bc6 19. g4 hxg4 20. Bxg4 Nd7 21. Qd2 Nc5 22. h5 gxh5 23. Bxh5 Kd7 24. Qh2 Rcf8 25.
Bg4 Rhg8 26. Bf3 Qb4 27. a3 Qb6 28. Rh7 Kc8 29. Qf2 Kb8 30. Ne2 Na4 31. Qxb6 Nxb6 32. b3 f6 33. Nd4 fxe5 34. fxe5 Bd7 35. Bh5 Rg5 36. Re1 Bc8 37. Bf7 Rg4 38. Nxe6 Rxf7 39.
Rxf7 Bxe6 40. Rf6 Bc8 41. Rxb6 Kc7 42. Rd6 Rg7 43. Rxd5 Bd7 44. e6 Bc6 45. Rde5 Kd6 46. e7 Be8 47. Re6+ Kd7 48. R6e3 Rg2 49. Rd1+ Kc7 50.
Rd8 Rg8 51. Kb2 b5 52. Kc3 Kb6 53. Kd4 a5 54. b4 axb4 55. axb4 Kc7 56. Ke5 Rg5+ 57.
Kf6 Rg6+ 58. Kf5 Rg8 59. Rc3+ Kb7 60. Rcc8 Rg2 61. Rxe8 Rf2+ 62. Kg4 Re2 63. Kf3 Re6 64. Rb8+ Ka7 65. Ra8+ Kb7 66. Reb8+ Kc7 67. e8=Q Kd6 68. Rb6+ Kc7 69. Rxe6 Kb7 70. Qc6# 1-0

[Event "Late-Titled-Tuesday-Blitz-April-30-2024"]
[Site "Chess.com"]
[Date "2024.04.30"]
[Round "5"]
[White "ExchangeAB"]
[Black "arenal72"]
[Result "1/2-1/2"]
[WhiteElo "2452"]
[BlackElo "2609"]
[TimeControl "180+1"]
[EndTime "14:58:16 PDT"]
[Termination "Game drawn by agreement"]

1. d4 d6 2. e4 Nf6 3. Nc3 e5 4. dxe5 dxe5 5. Qxd8+ Kxd8 6. Bg5 Be6 7. O-O-O+ Nd7 8.
f3 c6 9. Nh3 Kc7 10. Nf2 h6 11.
Be3 Bc5 12. Bxc5 Nxc5 13. Nd3 Nxd3+ 14. Bxd3 Rhd8 15. Be2 Nd7 16. b3 a5 17. a4 Nc5 18.
Rxd8 Rxd8 19. Rd1 Rd4 20. Nb1 g5 21. Na3 Rxd1+ 22. Kxd1 f6 23. Bc4 Bd7 24. Bg8 b6 25. Kd2 g4 26. Ke3 gxf3 27. gxf3 Bh3 28. Nc4 Bf1 29.
Nd2 Ba6 30. f4 b5 31. axb5 cxb5 32. Nf3 Kd6 33. Nh4 Bc8 34. Bd5 Na6 35. fxe5+ fxe5 36. Kd2 Nb4 37. Ba8 a4 38. bxa4 bxa4 39. Kc3 a3 40.
Kb3 a2 41. Kb2 Be6 42. Bd5 Bxd5 43. exd5 Nxc2 44. Kxa2 Kxd5 45. Nf5 h5 46. Ng3 h4 47. Nf5 h3 48. Kb2 Nd4 49. Ng3 Nf3 50. Nf1 Kd4 51. Kc2 e4 52. Kd1 Kd3 53. Ng3 e3 54. Ne2 Nxh2 55. Nf4+ Ke4 56. Nxh3 Nf3 57. Ke2 Nd4+ 58. Ke1 Kf3 59. Ng1+ Ke4 60. Ne2 Nf5 61. Kd1 Kd3 62.
Nf4+ Ke4 63. Ne2 Kf3 64. Ke1 Ng3 65. Nxg3 Kxg3 66. Ke2 Kf4 67. Ke1 Ke4 68. Ke2 Kd4 69. Ke1 Kd3 70. Kd1 Ke4 71. Ke2 Kf4 72. Ke1 Kf3 73. Kf1 1/2-1/2

[Event "Late-Titled-Tuesday-Blitz-April-30-2024"]
[Site "Chess.com"]
[Date "2024.04.30"]
[Round "5"]
[White "Ditman2007"]
[Black "zverr1"]
[Result "1-0"]
[WhiteElo "2675"]
[BlackElo "2478"]
[TimeControl "180+1"]
[EndTime "14:58:18 PDT"]
[Termination "Ditman2007 won by checkmate"]

1. e4 c5 2. Nf3 Nc6 3. Bb5 Nf6 4. Nc3 Nd4 5. e5 Nxb5 6. Nxb5 Nd5 7. Ng5 f5 8. e6 dxe6 9. O-O a6 10. Na3 g6 11. d4 Bg7 12. dxc5 O-O 13. c4 Nb4 14. Qb3 Nd3 15. Rd1 Nxc1 16. Raxc1 Qc7 17. Qb4 Bd7 18. Rc2 h6 19. Nf3 Bc6 20. Nd4 Rad8 21. Rcd2 Bxd4 22. Rxd4 Rxd4 23. Rxd4 Qe5 24. Qd2 Qxc5 25. b4 Qe5 26. Nc2 Be4 27. f4 Qc7 28.
Ne1 a5 29. a3 axb4 30. axb4 Ra8 31. h3 Ra1 32. Rd8+ Kf7 33. Kf2 Qb6+ 34. c5 Qc7 35.
g3 Bd5 36. Rxd5 exd5 37. Qxd5+ e6 38. Qd2 Ra8 39. Nd3 Rd8 40. Ne5+ Qxe5 41. Qxd8 Qb2+ 42. Kf3 Qc3+ 43. Kf2 Qc2+ 44. Ke3 Qe4+ 45. Kf2 Qc2+ 46. Kg1 Qc1+ 47. Kg2 Qb2+ 48. Kf3 Qc3+ 49. Ke2 Qc4+ 50. Kd1 Qb3+ 51. Kc1 Qc3+ 52. Kd1 Qb3+ 53. Ke2 Qc4+ 54. Qd3 Qxb4 55. Qd7+ Kf6 56. Qd8+ Kf7 57. Qc7+ Kf6 58.
Qe5+ Kf7 59. Qc7+ Kf6 60. Qd8+ Kf7 61. Qd7+ Kf6 62. Qd6 Qe4+ 63. Kd2 Qb4+ 64. Kc2 Qc4+ 65. Kb2 Qb4+ 66. Kc1 Qc3+ 67. Kd1 Qf3+ 68. Kc2 Qe2+ 69. Kc3 Qe1+ 70. Kb3 Qe3+ 71. Kc4 Qe4+ 72. Kb5 Qb1+ 73. Ka5 Qa2+ 74. Kb6 Qb3+ 75. Kc7 Qxg3 76. Qf8# 1-0

[Event "Late-Titled-Tuesday-Blitz-April-30-2024"]
[Site "Chess.com"]
[Date "2024.04.30"]
[Round "5"]
[White "MKlose11"]
[Black "gmcorrales"]
[Result "1-0"]
[WhiteElo "2652"]
[BlackElo "2813"]
[TimeControl "180+1"]
[EndTime "14:58:19 PDT"]
[Termination "MKlose11 won on time"]

1. e4 c5 2. Nc3 g6 3. d3 Bg7 4.
Be3 d6 5. g3 Nc6 6. Bg2 Rb8 7.
Nge2 b5 8. Qd2 b4 9. Nd1 e5 10. O-O h5 11. h3 Nge7 12. f4 h4 13. g4 exf4 14. Bxf4 Be6 15. a3 b3 16. c3 Rc8 17.
Ne3 d5 18. exd5 Nxd5 19. Nxd5 Bxd5 20. Qe3+ Ne7 21. Be5 O-O 22. Bxg7 Kxg7 23. Nf4 Bxg2 24. Kxg2 Qd6 25. Rae1 Nc6 26. Qf2 Ne5 27. Qxh4 Nxd3 28. Nxd3 Qxd3 29. Qf6+ Kg8 30. Re7 a5 31. Rf3 Qd5 32. Qe5 Qxe5 33. Rxe5 a4 34. Re4 c4 35.
Re7 Rcd8 36. Rc7 Rd2+ 37. Rf2 Rfd8 38. Rxc4 Rxf2+ 39. Kxf2 Rd2+ 40. Kg3 Rxb2 41. Rxa4 Rc2 42. c4 Rc3+ 43. Kh4 Kg7 44. Rb4 f6 45. g5 f5 46. a4 Kf7 47. a5 f4 48. a6 f3 49.
Kg3 b2 50. Rxb2 Ra3 51. Rf2 Ke6 52. Rxf3 Ke5 53. Kg4 Rxa6 54. Rf6 Ra1 55. Rxg6 Rg1+ 56. Kh5 Rc1 57. h4 Rxc4 58. Rf6 Rc8 59. Rf1 Rh8+ 60.
Kg4 Rc8 61. Re1+ Kd6 62. h5 Rc4+ 63. Kf5 Rc1 64. Rxc1 1-0

[Event "Late-Titled-Tuesday-Blitz-April-30-2024"]
[Site "Chess.com"]
[Date "2024.04.30"]
[Round "5"]
[White "FREZZY23"]
[Black "zano2023"]
[Result "1/2-1/2"]
[WhiteElo "2367"]
[BlackElo "2149"]
[TimeControl "180+1"]
[EndTime "14:58:20 PDT"]
[Termination "Game drawn - insufficient material"]

1. Nf3 d6 2. g3 Nf6 3. Bg2 Nbd7 4. O-O e5 5. d4 Be7 6. c4 c6 7. Nc3 O-O 8. h3 Re8 9. e4 Qc7 10. Be3 Nf8 11. Qc2 Ng6 12. Rfd1 h6 13. Rac1 Bd7 14.
b4 b6 15. a4 Rad8 16. Rd2 Qc8 17. Kh2 Nh5 18. Rcd1 f5 19. dxe5 dxe5 20. exf5 Bxf5 21. Rxd8 Rxd8 22. Rxd8+ Bxd8 23. Qb3 Be6 24. b5 cxb5 25. Qxb5 Qd7 26. Qxd7 Bxd7 27. Nb5 a6 28. Nc3 Nf6 29. Nd2 Bc7 30. Nde4 Ne8 31. Nd5 Bxa4 32. Nxc7 Nxc7 33. Bxb6 Ne6 34. Nd6 Ne7 35. Bb7 Bc6 36. Bxa6 Nd4 37. g4 Ng6 38. Bxd4 exd4 39. c5 Ne5 40. f4 Nd7 41.
Bc4+ Kf8 42. Bb5 Bxb5 43. Nxb5 Nxc5 44. Nxd4 Nd3 45. Kg3 Ke7 46. Kf3 Nc5 47. f5 Kf6 48.
Kf4 g5+ 49. Kf3 Nd7 50. Nc6 h5 51. Nb4 hxg4+ 52. hxg4 Ne5+ 53. Kg3 Nc4 54. Nd5+ Ke5 55. Nc3 Nd2 56. Kf2 Nc4 57. Kf3 Nd6 58. Ne2 Nxf5 59. gxf5 Kxf5 60. Ng3+ Kg6 61. Kg4 Kf6 62. Nf1 Kg6 63.
Nd2 Kf6 64. Nc4 Kg6 65. Nb6 Kh6 66.
Nd5 Kg6 67. Ne3 Kh6 68. Nf5+ Kg6 69. Ng3 Kf6 70. Nh5+ Kg6 71. Ng7 Kxg7 72. Kxg5 1/2-1/2

[Event "Late-Titled-Tuesday-Blitz-April-30-2024"]
[Site "Chess.com"]
[Date "2024.04.30"]
[Round "5"]
[White "GothamChess"]
[Black "rezamahdavi2008"]
[Result "0-1"]
[WhiteElo "2680"]
[BlackElo "2921"]
[TimeControl "180+1"]
[EndTime "14:58:21 PDT"]
[Termination "rezamahdavi2008 won by resignation"]

1. e4 c5 2. Nc3 d6 3. d4 cxd4 4.
Qxd4 Nc6 5. Qd2 g6 6. b3 Bh6 7. f4 Nf6 8. Bb2 O-O 9. O-O-O a5 10. Bb5 Qb6 11. a4 Bg4 12. Nf3 Nb4 13. h3 Bxf3 14. gxf3 Rac8 15. Kb1 Nh5 16. Rhg1 Bxf4 17. Nd5 Nxd5 18.
Qxd5 Nf6 19. Qf5 Bh6 20. Bxf6 exf6 21. Qxf6 Qf2 22. Bc4 Bg7 23. Qxd6 Qxf3 24. e5 Qc3 25. Rd3 Qxe5 26. Qxe5 Bxe5 27. Rd5 Bb8 28. Rxa5 Kg7 29. h4 Rc7 30. h5 Re7 31. Rb5 f5 32. hxg6 hxg6 33.
Rb6 Rf6 34. Rb5 f4 35. Bd5 f3 36. Rf1 f2 37. Rxb7 Bc7 38. Ka2 Kh6 39. a5 Re1 40. Rxf2 Be5 41. Ka3 Rxf2 42. c4 Bc3 43. Ka4 Ra1+ 44.
Kb5 Rxa5+ 45. Kc6 Rf6+ 46. Kd7 Be5 47. Ke7 Kg5 48. b4 Raa6 49. c5 Ra1 50. Rd7 Re1 51.
Kd8 Rf8+ 52. Ke7 Rf4 53. Kd8 Rxb4 54. c6 Rb8+ 55. Ke7 Bg7+ 56. Kd6 Be5+ 57. Ke7 Rc1 58. Kf7 Bf4 59. Be6 Rxc6 60. Bd5 Rf6+ 61. Kg7 Rbf8 62. Bc4 Kh5 63. Rd5+ Rf5 64. Rd1 Bh6+ 65. Kh7 R5f7+ 66. Bxf7 Rxf7+ 67. Kg8 Ra7 68. Rh1+ Kg5 69. Rg1+ Kf6 70. Rf1+ Ke5 71. Rh1 Bf4 72. Re1+ Kf5 0-1

[Event "Late-Titled-Tuesday-Blitz-April-30-2024"]
[Site "Chess.com"]
[Date "2024.04.30"]
[Round "5"]
[White "reevecanada"]
[Black "ameetghasi100"]
[Result "1-0"]
[WhiteElo "2649"]
[BlackElo "2809"]
[TimeControl "180+1"]
[EndTime "14:58:26 PDT"]
[Termination "reevecanada won on time"]

1. e4 g6 2. d4 Bg7 3. Nc3 d6 4. Be3 Nf6 5. f3 O-O 6. Nge2 Nc6 7. Qd2 e5 8. O-O-O a6 9. g4 b5 10. h4 b4 11. Nd5 exd4 12. Nxd4 Nxd4 13. Bxd4 Be6 14. h5 Bxd5 15. exd5 Re8 16. Bh3 Qe7 17.
h6 Bh8 18. g5 Nh5 19. Bxh8 Kxh8 20. Rhe1 Qf8 21. Bg4 a5 22. Bxh5 gxh5 23. Qd4+ Kg8 24. f4 h4 25. f5 h3 26. Qh4 Rxe1 27. Rxe1 Re8 28. Rh1 Qe7 29. Rxh3 Qe1+ 30. Qxe1 Rxe1+ 31. Kd2 Re5 32. Rf3 Rxd5+ 33. Ke3 Rc5 34. Kd3 Rd5+ 35. Ke4 Rc5 36. Re3 Kf8 37. c3 bxc3 38. bxc3 Rc4+ 39.
Kf3 Rc5 40. Kg4 Rc4+ 41. Kh5 Rc5 42. f6 Rd5 43. Re7 Rc5 44. Re3 Rc4 45. a3 d5 46. Re5 Rc5 47. c4 c6 48. cxd5 cxd5 49. a4 Rc4 50. Rxd5 Ke8 51. Rxa5 Rc1 52. Ra7 Rh1+ 53.
Kg4 Rg1+ 54. Kf4 Rf1+ 55. Ke3 Rg1 56. Re7+ Kf8 57. Rc7 Ke8 58. Rc5 Kd7 59. a5 Kd6 60. Rb5 Ra1 61. Rb7 Ke6 62. Re7+ Kf5 63. Rxf7 Kxg5 64.
Rxh7 Kxf6 65. Ra7 Kg6 66. h7 Rh1 67. a6 Rh4 68. Rb7 Ra4 69. h8=Q Ra3+ 70. Kd2 1-0

[Event "Late-Titled-Tuesday-Blitz-April-30-2024"]
[Site "Chess.com"]
[Date "2024.04.30"]
[Round "5"]
[White "HajiyevKanan"]
[Black "Legendinunknown"]
[Result "1/2-1/2"]
[WhiteElo "2631"]
[BlackElo "2804"]
[TimeControl "180+1"]
[EndTime "14:58:30 PDT"]
[Termination "Game drawn - insufficient material"]

1. d4 Nf6 2. Nf3 e6 3. c4 Bb4+ 4. Bd2 c5 5. a3 Bxd2+ 6. Qxd2 cxd4 7. Nxd4 O-O 8. e3 Nc6 9. Nc3 b6 10. Nxc6 dxc6 11. Rd1 Bb7 12. Be2 Qxd2+ 13. Rxd2 Rfd8 14.
Bf3 Kf8 15. Rxd8+ Rxd8 16. Ke2 Ke7 17. Rd1 Rxd1 18. Kxd1 Nd7 19. b4 Ne5 20. Be2 c5 21.
f4 Nd7 22. g4 cxb4 23. axb4 a5 24. bxa5 bxa5 25. Kc2 Nc5 26. Nb5 Kd7 27. h4 Be4+ 28.
Kc3 Kc6 29. g5 h6 30. h5 Bg2 31. Kd4 Nb3+ 32. Ke5 Nc1 33. Bg4 Nd3+ 34. Kd4 Nf2 35. Be2 a4 36. Ke5 Ne4 37. g6 fxg6 38. hxg6 Nc5 39.
Bg4 Bf1 40. Kd4 Bg2 41. Kc3 Be4 42.
Bh5 Bf5 43. Kb4 Kb6 44. Nd4 Bd3 45. Bg4 Bxg6 46. Nxe6 Nxe6 47. Bxe6 Be8 48. c5+ Kc6 49. Kxa4 Kxc5+ 50. Kb3 Kd6 51. Bg4 h5 52. Bf3 h4 53.
Kc3 h3 54. e4 h2 55. e5+ Ke6 56. Kd4 Kf5 57. Ke3 Bh5 58. Be4+ Kg4 59. e6 Kg3 60. e7 Be8 61. Bh1 Kg4 62. Bd5 Kf5 63. Bh1 Kf6 64. Kf2 Kxe7 65. Kg3 Kf6 66. Kxh2 Kf5 67.
Kg3 Bg6 68. Bg2 Kf6 69. Bf3 Bf5 70. Bg4 Be4 71. Bf3 Kf5 72. Bxe4+ Kxe4 73. Kg4 Ke3 74. f5 Ke4 75. Kg5 Ke5 76. Kg6 Kf4 77. f6 gxf6 78.
Kxf6 1/2-1/2

[Event "Late-Titled-Tuesday-Blitz-April-30-2024"]
[Site "Chess.com"]
[Date "2024.04.30"]
[Round "5"]
[White "SCIM"]
[Black "Kobalia"]
[Result "0-1"]
[WhiteElo "2551"]
[BlackElo "2782"]
[TimeControl "180+1"]
[EndTime "14:58:33 PDT"]
[Termination "Kobalia won on time"]

1. d4 d5 2. c4 c6 3. Nf3 Nf6 4. e3 Bf5 5. Nc3 e6 6. Nh4 Bg6 7. Be2 Be7 8. O-O Nbd7 9. Bd2 a6 10. Rc1 O-O 11. Nxg6 hxg6 12. Re1 dxc4 13. Bxc4 b5 14. Be2 c5 15. Bf3 Rc8 16. Bb7 Rb8 17. Bxa6 cxd4 18. exd4 Qa5 19. Nd5 Qd8 20. Nc3 Qa5 21. Nd5 Qd8 22.
Nxe7+ Qxe7 23. Qe2 b4 24. Bc4 Nb6 25. Bb3 Rfd8 26.
Qe5 Nbd5 27. Bg5 Qd7 28. h3 Rdc8 29. Bxf6 gxf6 30. Qe4 Kg7 31. Bxd5 exd5 32. Qd3 Qa4 33. Qb3 Qxb3 34. axb3 Ra8 35. Kf1 Rh8 36. Ke2 Ra2 37.
Rc2 Re8+ 38. Kd2 Rxe1 39. Kxe1 Ra1+ 40. Ke2 Rg1 41. g3 g5 42. Rc5 Rb1 43. Rc2 Kg6 44. Kf3 f5 45. Rc6+ f6 46. Rc2 Rh1 47.
Ke3 Rxh3 48. Rc5 f4+ 49. Kf3 fxg3 50. fxg3 Rh2 51. Rxd5 Rxb2 52. Rb5 Rxb3+ 53. Kg4 f5+ 54. Kh3 f4 55. Rb6+ Kh5 56. Kh2 Rxg3 57. Rxb4 Rd3 58. Kg2 Kg4 59. Kf2 Rd2+ 60. Ke1 Ra2 61. d5 Kf5 62. Rd4 Ra7 63. d6 Rd7 64. Rd5+ Kf6 65. Kf2 g4 66. Rd4 Ke5 67. Ra4 Rxd6 68. Ra8 Rd2+ 69.
Ke1 Rb2 70. Re8+ Kd4 71. Rf8 Ke3 72. Re8+ Kf3 0-1

[Event "Late-Titled-Tuesday-Blitz-April-30-2024"]
[Site "Chess.com"]
[Date "2024.04.30"]
[Round "5"]
[White "samidescalona2002"]
[Black "mightysmasher"]
[Result "1-0"]
[WhiteElo "2785"]
[BlackElo "2535"]
[TimeControl "180+1"]
[EndTime "14:58:38 PDT"]
[Termination "samidescalona2002 won by checkmate"]

1. d4 d5 2. Bf4 Nf6 3. e3 e6 4. Nd2 Bd6 5. Bg3 O-O 6. Ngf3 b6 7. Ne5 Bb7 8. Bd3 c5 9. c3 Nc6 10. f4 cxd4 11. exd4 Ne7 12. Qe2 Nf5 13. Bf2 Ne4 14.
Nxe4 dxe4 15. Bxe4 Bxe4 16. Qxe4 Ne7 17. O-O f5 18. Qe2 Nd5 19. Bg3 Nf6 20. Bh4 Qc7 21.
Bxf6 gxf6 22. Nd3 Rae8 23. g3 Kh8 24. Rae1 Rg8 25. Qf3 Rgf8 26. a3 Qg7 27. Re2 Qg6 28. Rfe1 Qf7 29. Qc6 Qe7 30. Qc4 Qf7 31. Rxe6 Re7 32. d5 Rc7 33. Qb5 Bc5+ 34. Nxc5 Rxc5 35. Qd3 Qd7 36. c4 b5 37. Re7 bxc4 38. Qe2 Qxd5 39. Qh5 Qd4+ 40. Kg2 Qd5+ 41. Kh3 Qg8 42. Re8 Qg4+ 43.
Qxg4 fxg4+ 44. Kxg4 Kg8 45. Rxf8+ Kxf8 46. Rc1 Kf7 47. Rc3 a5 48. b3 Rb5 49. bxc4 Rb2 50. c5 Ke7 51. c6 Kd8 52. c7+ Kc8 53. h4 Rb5 54. f5 a4 55. Kf4 Rb3 56. Rc6 Rxa3 57.
Rxf6 Kxc7 58. Rf7+ Kd6 59. Rxh7 Ra1 60. Rh6+ Ke7 61. Ra6 a3 62. g4 a2 63. Kg5 Kf7 64. h5 Kg7 65. h6+ Kg8 66. Ra8+ Kf7 67. Ra7+ Kf8 68. h7 Rh1 69. Rxa2 Rxh7 70. Ra8+ Kg7 71. Ra7+ Kg8 72. Rxh7 Kxh7 73. Kf6 Kg8 74. Ke7 Kg7 75. f6+ Kg6 76. f7 Kg5 77. f8=Q Kxg4 78. Qf6 Kg3 79. Qf5 Kg2 80. Qf4 Kh1 81. Qg5 Kh2 82. Kf6 Kh1 83.
Kf5 Kh2 84. Kf4 Kh1 85. Kf3 Kh2 86. Qg2# 1-0